 Dungeon Crawl Stone Soup version 0.31-a0-1405-g2bb1a01664 (webtiles) character file.

Game seed: 2824709494908108007

1696 browni3141 the Ruffian (level 9, -3/63 (68) HPs)
             Began as a Formicid Shapeshifter on Dec 26, 2023.
             Slain by a gnoll
             ... wielding a +1 halberd of venom
              (11 damage)
             ... on level 5 of the Dungeon.
             The game lasted 00:12:37 (5789 turns).

browni3141 the Ruffian (Formicid Shapeshifter)      Turns: 5789, Time: 00:12:38

HP:   -3/63 (68)    AC: 20    Str: 23    XL:     9   Next: 23%
MP:   9/9           EV:  7    Int: 10    God:
Gold: 328           SH:  0    Dex: 13    Spells: 8/8 levels left

rFire   . .          .
                       - Unarmed
rCold   . . .        (no shield)
rNeg    . . .        h - +0 plate armour
rPois   .            (helmet unavailable)
rElec   .            (cloak currently unavailable)
rCorr   .            (gloves currently unavailable)
SInv    +            (boots currently unavailable)
Will    .....        u - amulet of regeneration Stlth
                     q - +4 ring of protection
HPRegen 1.10/turn    B - +4 ring of protection
MPRegen 0.11/turn

%: no passive effects
@: lethally poisoned (-3 -> -15), beast-form, drained
A: beast (slay +3), permanent stasis, dig shafts and tunnels, antennae 3, four
strong arms
a: Dig, Shaft Self, Begin Untransformation


You were on level 5 of the Dungeon.
You were a hulking beast.
You visited 1 branch of the dungeon, and saw 6 of its levels.
You also visited: Sewer.

You collected 328 gold pieces.

Inventory:

Hand Weapons
 b - a +0 sling of chaos
 o - a +0 orcbow
Missiles
 s - a curare-tipped dart
Armour
 a - a +0 animal skin
 h - a +0 plate armour (worn)
 i - a +0 ring mail
 k - a +0 scale mail
 r - a +0 helmet
Jewellery
 q - a +4 ring of protection (left hand)
 u - an amulet of regeneration (around neck)
 B - a +4 ring of protection (right hand)
Talismans
 c - a beast talisman
 d - a flux talisman
Scrolls
 e - 2 scrolls of identify {unknown}
 g - a scroll of poison {unknown}
 j - 2 scrolls of teleportation {unknown}
 l - 2 scrolls of immolation
 m - 2 scrolls of brand weapon
 n - 2 scrolls of revelation {unknown}
 p - a scroll of blinking
 y - a scroll of torment {unknown}
Potions
 f - 2 potions of mutation {unknown}
 t - 2 potions of curing {unknown}
 v - 4 potions of haste {unknown}
 w - 2 potions of magic
 x - 2 potions of might
 z - 2 potions of heal wounds
 A - a potion of brilliance {unknown}


   Skills:
 + Level 5.0 Fighting
 * Level 6.4 Armour
 - Level 2.0 Dodging
 - Level 2.0 Stealth
 * Level 6.9 Unarmed Combat
 * Level 5.9 Shapeshifting


You had 8 spell levels left.
You didn't know any spells.
Your spell library contained the following spells:

 Spells                   Type           Power      Damage    Failure   Level
 Freeze                   Ice            0%         1d3       99%         1
 Sting                    Conj/Alch      0%         1d3       99%         1
 Mercury Vapours          Alch/Air       0%         N/A       100%        2
 Frozen Ramparts          Ice            0%         1d1       100%        3
 Hailstorm                Conj/Ice       0%         3d5       100%        3
 Olgreb's Toxic Radiance  Alch           0%         N/A       100%        4


Dungeon Overview and Level Annotations

Branches:
Dungeon (6/15)             Temple (0/1) D:4           Sewer (visited)

Altars:
Dithmenos
Fedhas
Trog

Annotations:
D:4 Edmund
D:5 1 transporter
D:6 1 runed translucent door, Crazy Yiuf


Innate Abilities, Weirdness & Mutations

You are a hulking beast.
Your limbs bulge with bestial killing power. (Slay +3)
You cannot be hasted, slowed, berserked, paralysed or teleported.
You can dig through walls and to a lower floor.
You have a pair of large antennae on your head. (SInv)
Your four strong arms can wield two-handed weapons with a shield.


Message History

The gnoll sergeant hits you but does no damage.
You feel drained.
The gnoll sergeant hits you but does no damage.
You hit the gnoll.
The gnoll is severely wounded.
You feel sick.
The gnoll hits you from afar with a +0 spear.
The gnoll sergeant hits you from afar with a +1 trident of chaos.
The gnoll sergeant freezes you.
The gnoll sergeant hits you but does no damage.
The gnoll hits you with a +1 halberd of venom.
You are more poisoned.
You barely miss the gnoll.
The gnoll is severely wounded.
You feel very sick. The gnoll hits you but does no damage.
The gnoll sergeant hits you from afar with a +1 trident of chaos!
You feel drained.
The gnoll sergeant hits you from afar with a +0 trident.
The gnoll hits you but does no damage.
You are more poisoned.
You completely miss the gnoll.
The gnoll is severely wounded.
You feel very sick. The gnoll hits you but does no damage.
The gnoll sergeant hits you from afar with a +1 trident of chaos.
You feel drained.
The gnoll sergeant hits you from afar with a +0 trident.
* * * LOW HITPOINT WARNING * * *
The gnoll hits you with a +1 halberd of venom.
* * * LOW HITPOINT WARNING * * *
You are lethally poisoned!
Unknown command.
* * * LOW HITPOINT WARNING * * *
You feel very sick.
The gnoll sergeant hits you but does no damage.
You feel drained.
The gnoll sergeant hits you but does no damage.
The gnoll hits you from afar with a +1 halberd of venom!
You die...

#..≈≈≈≈≈≈≈≈≈≈≈...≈≈≈≈≈≈≈≈≈≈≈...
#..≈≈#####...........#####≈≈.>.
#..≈≈#..)#.###.©.###.#...#≈≈...
#..≈≈#g..###g#####g###...#≈≈.#.
#..≈≈###....g.g.g{gg.$.###≈≈.#.
#..≈≈.8#{##'###g######.#8.≈≈.#.
#..≈≈.##.#P..#g.8# {$#.##.≈≈.#.
#..~~.#..'...g.©g#{ .#.~~.#.
#..≈≈.##.#P..#h.8# ##.≈≈.#.
#..≈≈.8#.##+###g## #.#8.≈≈.#.
#..≈≈###.....g.........###≈≈.#.
#..≈≈#.?.###g#####.###...#≈≈.#.
##.≈≈#...#.###.©.###.#...#≈≈...
#.≈≈#####...........#####≈≈..#
#.≈≈≈≈≈≈≈≈≈≈≈≈~≈≈≈≈≈≈≈≈≈≈≈≈..#
#.≈≈≈≈≈≈≈≈≈≈≈≈~≈≈≈≈≈≈≈≈≈≈≈≈..#
#............................#


You could see 2 gnoll sergeants and 4 gnolls.

Vanquished Creatures
  A black bear (D:5)
  2 ogres
  A centaur (D:6)
  3 phantoms
  A kobold brigand (D:3)
  3 scorpions
  2 bombardier beetles
  3 jellies
  4 orc priests
  3 hounds
  6 iguanas
  3 orc wizards
  6 adders
  6 river rats (Sewer)
  A white imp (D:5)
  2 ufetubi (D:6)
  2 worms
  A dart slug (D:2)
  14 orcs
  11 ball pythons
  6 bats
  3 endoplasms (D:1)
  3 giant cockroaches
  11 goblins
  8 hobgoblins
  14 jackals
  6 quokkas
  3 frilled lizards
  22 kobolds
  26 rats
177 creatures vanquished.

Vanquished Creatures (collateral kills)
  A kobold (Sewer)
1 creature vanquished.

Vanquished Creatures (others)
  A kobold zombie (Sewer)
  A rat (D:3)
2 creatures vanquished.

Grand Total: 180 creatures vanquished

Notes
Turn   | Place    | Note
-------+----------+-------------------------------------------
     0 | D:1      | browni3141 the Formicid Shapeshifter began the quest for
                  | the Orb.
     0 | D:1      | Reached XP level 1. HP: 15/15 MP: 1/1
    88 | D:1      | Reached skill level 1 in Stealth
   189 | D:1      | Reached XP level 2. HP: 21/21 MP: 2/2
   276 | D:1      | Reached XP level 3. HP: 23/26 MP: 3/3
   848 | D:1      | Found a faded altar of an unknown god.
  1142 | D:2      | Reached XP level 4. HP: 33/33 MP: 4/4
  1278 | D:2      | Reached skill level 1 in Armour
  1817 | D:3      | Found a blossoming altar of Fedhas.
  2171 | D:3      | Noticed a kobold brigand
  2195 | D:3      | Killed a kobold brigand
  2196 | D:3      | Reached XP level 5. HP: 19/39 MP: 5/5
  2618 | D:4      | Found a staircase to the Ecumenical Temple.
  2714 | D:4      | Reached XP level 6. HP: 11/46 MP: 6/6
  2715 | D:5      | Entered Level 5 of the Dungeon
  2952 | D:4      | Noticed Edmund
  3039 | D:4      | Reached skill level 5 in Unarmed Combat
  3166 | D:4      | Reached XP level 7. HP: 43/52 MP: 7/7
  3813 | D:4      | You fall into a shaft and drop 2 floors!
  3813 | D:6      | Found a shadowy altar of Dithmenos.
  3863 | D:6      | Reached XP level 8. HP: 13/60 MP: 8/8
  4204 | D:6      | Reached skill level 5 in Armour
  4227 | D:6      | Found a glowing drain.
  4236 | Sewer    | Entered a sewer
  4989 | D:6      | Found a runed translucent door.
  4990 | D:6      | Noticed Crazy Yiuf
  5027 | D:6      | Reached skill level 5 in Shapeshifting
  5406 | D:5      | Found a bloodstained altar of Trog.
  5455 | D:5      | Reached XP level 9. HP: 66/66 MP: 9/9
  5577 | D:5      | Found a transporter.
  5596 | D:5      | Found a transporter.
  5649 | D:5      | Identified the +0 buckler of Biarph {Will- Dex+6}
  5725 | D:5      | Reached skill level 5 in Fighting
  5789 | D:5      | Slain by a gnoll

Illustrated notes

Levels and vault maps discovered:
D:1:      psy_arrival_fountain, layout_basic,
          shapermc_ecumenical_altar_mp_ritualfount, minmay_pentomino_x4
D:2:      layout_loops_cross
D:3:      layout_loops_ring, overflow_temple_1_default, lemuel_flame_loot_1
D:4:      layout_basic, minmay_temple_entry_trees, grunt_ministairs_15,
          uniq_edmund
D:5:      layout_basic, trog_butcher_becter, gammafunk_ghost_gnarly_gnolls
D:6:      layout_rooms, grunt_dithmenos_smoke_and_mirrors, portal_sewer_entry_d,
          uniq_crazy_yiuf_cottage

Skill      XL: |  1  2  3  4  5  6  7  8  9 |
---------------+----------------------------+-----
Stealth        | 1 2 |  2.0
Fighting       | 2 3 4 5 |  5.0
Armour         | 2 3 4 6 |  6.4
Unarmed Combat | 4 5 6 |  6.9
Shapeshifting  | 4 5 |  5.9
Dodging        | 2 |  2.0

Action                     |  1- 3 |  4- 6 |  7- 9 || total
---------------------------+-------+-------+-------++-------
  Melee: Unarmed           |    97 |    90 |   261 ||   448
         Punch             |     1 |     2 |     9 ||    12
         Short sword       |       |       |    19 ||    19
   Fire: Sling             |     2 |    70 |    19 ||    91
Ability: Shaft Self        |       |       |     1 ||     1
         Dig               |       |       |     2 ||     2
    Use: Scroll            |       |     1 |     2 ||     3
         Potion            |       |     5 |       ||     5
   Stab: Sleeping          |     1 |     1 |       ||     2
 Armour: Animal skin       |    30 |       |       ||    30
         Ring mail         |    18 |    52 |       ||    70
         Skin              |       |    13 |       ||    13
         Scale mail        |       |    11 |    93 ||   104
         Plate armour      |       |       |   160 ||   160
  Dodge: Dodged            |    66 |    56 |   126 ||   248

Table legend: (Time is in decaauts)
 A = Elapsed time spent in this place.
 B = Non-inter-level travel time spent in this place.
 C = Inter-level travel time spent in this place.
 D = Time resting spent in this place.
 E = Time spent auto-exploring this place.
 F = Levels seen in this place.
 G = Mean time per level.
                   A        B        C        D        E       F      G
               +--------+--------+--------+--------+--------+-----+--------+
         Total |   5781 |   5490 |    291 |    143 |   3880 |   7 |  825.9 |
       Dungeon |   5127 |   4836 |    291 |    139 |   3485 |   6 |  854.5 |
         Sewer |    653 |    653 |      0 |      4 |    394 |   1 |  653.0 |
               +--------+--------+--------+--------+--------+-----+--------+

Top non-repeatable levels by time:
     D:4: 1210 daAuts
     D:1: 982 daAuts
     D:3: 937 daAuts
     D:2: 698 daAuts
     D:6: 694 daAuts
   Sewer: 653 daAuts
     D:5: 605 daAuts
